 Dungeon Sprint DCSS version 0.27-a0-773-gaaee5cf45b (webtiles) character file.

Game seed: 18436247976396058878

6200000 sahdkjhfkaj the Axe Maniac (level 27, -105/228 HPs)
             Began as a Djinni Warper on Mar 26, 2021.
             Was the Champion of Makhleb.
             Annihilated by a destroyer
             ... wielding a +9 vorpal great sword
              (139 damage)
             ... in the Dungeon (Sprint VIII: "Arena of Blood").
             The game lasted 00:00:48 (62 turns).

sahdkjhfkaj the Axe Maniac (Djinni Warper)            Turns: 62, Time: 00:00:49

Health: -105/228   AC:  6    Str: 10    XL:     27
Gold:   0          EV: 26    Int: 26    God:    Makhleb [******] SH:  0 Dex: 15

rFire    + + .     SeeInvis .   c - +∞ Axe of Woe
rCold    x . .     Faith    .   (shield currently unavailable)
rNeg     . . .     Spirit   .   b - +0 leather armour
rPois    ∞         Reflect  .   (no helmet)
rElec    .         Harm     .   (no cloak)
rCorr    .         Rampage  .   (no gloves)
Will     ++...     NoTele   +   (boots unavailable)
Stlth    +++++++++.             (no amulet)
HPRegen  0.48/turn              (no ring)
MPRegen  0.00/turn              (no ring)

@: flying, slowed, very slow
A: fire resistance 2, cold vulnerability 1, float, innate caster, hp casting,
extra vitality 1
a: Renounce Religion, Minor Destruction, Lesser Servant of Makhleb, Major
Destruction, Greater Servant of Makhleb


You were in the Dungeon.
You worshipped Makhleb.
Makhleb was exalted by your worship.
You visited 1 branch

Inventory:

Hand Weapons
 a - a +0 hand axe
 c - the +∞ Axe of Woe (weapon)
   (You found it in the Dungeon)
Missiles
 e - 5 boomerangs of dispersal (quivered)
Armour
 b - a +0 leather armour (worn)
Scrolls
 d - 2 scrolls of blinking
Potions
 f - a potion of curing
 g - a potion of heal wounds
 h - a potion of haste
 i - a potion of berserk rage


   Skills:
 O Level 27 Fighting
 O Level 27 Short Blades
 O Level 27 Long Blades
 O Level 27 Axes
 O Level 27 Maces & Flails
 O Level 27 Polearms
 O Level 27 Staves
 O Level 27 Slings
 O Level 27 Bows
 O Level 27 Crossbows
 O Level 27 Throwing
 O Level 27 Armour
 O Level 27 Dodging
 O Level 27 Stealth
 O Level 27 Shields
 O Level 27 Unarmed Combat
 O Level 27 Spellcasting
 O Level 27 Invocations
 O Level 27 Evocations


You couldn't memorise any spells.
You knew the following spells:

 Your Spells              Type           Power      Damage    Failure   Level
a - Blink                 Tloc           N/A        N/A       0%          2
b - Lesser Beckoning      Tloc           54%        N/A       0%          3
c - Gell's Gravitas       Tloc           54%        N/A       0%          3
d - Teleport Other        Tloc           100%       N/A       0%          3
e - Manifold Assault      Tloc           100%       N/A       0%          5
f - Sting                 Tmut/Pois      100%       1d8       0%          1
g - Corpse Rot            Necr/Air       N/A        N/A       0%          2
h - Call Canine Familiar  Summ           100%       N/A       0%          3
i - Portal Projectile     Hex/Tloc       100%       N/A       0%          3
j - Animate Armour        Summ/Erth      100%       N/A       0%          4
k - Blade Hands           Tmut           54%        N/A       0%          5
l - Statue Form           Tmut/Erth      72%        N/A       0%          6
m - Malign Gateway        Summ/Tloc      54%        N/A       0%          7
n - Death Channel         Necr           54%        N/A       0%          6
o - Borgnjor's Revivific  Necr           54%        N/A       1%          8
p - Ozocubu's Refrigerat  Ice            54%        4d15      0%          7
q - Infestation           Necr           54%        N/A       1%          8
r - Tornado               Air            54%        N/A       1%          9
Your spell library was empty.

Dungeon Overview and Level Annotations

Branches:
Dungeon (1/1)

Altars:
Makhleb


Innate Abilities, Weirdness & Mutations

You are immune to poison.
Your flesh is very heat resistant. (rF++)
You are vulnerable to cold. (rC-)
You float through the air rather than walking.
You learn spells naturally, not from books.
Your magical power is your life essence.
You have superior vitality. (+4 HP)


Message History

The destroyer hits you with a +9 vorpal great sword!!!!
The destroyer bites you but does no damage.
A bag of meat comes into view. It is wielding a +9 war axe.
You hear a shout!
A large bag of meat comes into view. It is wielding a +9 giant spiked club.
You hear a shout!
The bag of meat shouts!
Casting: Manifold Assault (safe; 0% risk of failure)
Confirm with . or Enter, or press ? or * to list all spells.
Space momentarily warps into an impossible shape!
The bag of meat shouts!
You hit the accursed but do no damage.
You fatally mangle the accursed.
You destroy the accursed!
Makhleb accepts your kill.
You feel better.
You carve the bag of meat like a ham!!!
You fatally mangle the bag of meat.
You kill the bag of meat!
Makhleb accepts your kill.
You feel better.
You slash the meat berserker!
You slaughter the meat berserker joyfully.
You kill the meat berserker!
Makhleb accepts your kill.
You feel better.
You slice the bag of meat!!
You slaughter the bag of meat joyfully.
You kill the bag of meat!
Makhleb accepts your kill.
You feel extremely nervous for a moment...
You feel horribly lethargic.
You feel as though you will be slow longer.
You hear a shout!
The meat berserker rages.
You hear a shout!
A large bag of meat comes into view. It is wielding a +9 giant spiked club.
The large bag of meat hits you with a +9 giant spiked club!!!! x2
* * * LOW HITPOINT WARNING * * *
The accursed gestures at you while chanting.
Something smites you!
* * * LOW HITPOINT WARNING * * *
The destroyer hits you with a +9 vorpal great sword!!!!
Ouch! That really hurt!
You die...
OM

)) #). ○)# #.)
))# †###†o
§)X###)..
.....o###.L))Xz..
....._)XX).X...
#.....# .o... .
#_.@V_#..O...
....#.)O.)#......
..O...)_)))))§...
Oo.).)###o..)○o☼.
)###))...)°###)§.
#)).O...# §
#)§....)#
.))§.o..))
.○§○.O.....


You could see an accursed, a tyrant, a destroyer, a sculptor of flesh, 3 large
bags of meat, 4 large abominations, a meat berserker (berserk) and 5 bags of
meat.

Vanquished Creatures
  2 royal mummies (D)
  Harold (D)
  19 vampire knights (D)
  33 ogres (D)
  2 hydras (D)
  5 two-headed ogres (D)
  74 orcs (D)
  9 skeletal warriors (D)
145 creatures vanquished.

Notes
Turn   | Place    | Note
-------+----------+-------------------------------------------
     0 | D        | Found the +∞ Axe of Woe
     0 | D        | sahdkjhfkaj the Djinni Warper began the quest for the Orb.
     0 | D        | Reached XP level 1. HP: 18/18 MP: 0/0
     2 | D        | Noticed a bag of meat
     3 | D        | Became a worshipper of Makhleb the Destroyer
     3 | D        | Noticed a bag of meat
     3 | D        | Noticed a bag of meat
     5 | D        | Noticed a meat berserker
     5 | D        | Noticed a meat berserker
     5 | D        | Noticed a bag of meat
     5 | D        | Noticed a bag of meat
     5 | D        | Noticed a meat berserker
     6 | D        | Noticed a bag of meat
     7 | D        | Killed a meat berserker
     7 | D        | Noticed a meat berserker
     7 | D        | Noticed a meat berserker
     8 | D        | Reached XP level 2. HP: 23/23 MP: 0/0
     8 | D        | Reached XP level 3. HP: 28/28 MP: 0/0
     8 | D        | Learned a level 1 spell: Sting
     8 | D        | Reached XP level 4. HP: 33/33 MP: 0/0
     8 | D        | Reached XP level 5. HP: 38/38 MP: 0/0
     8 | D        | Learned a level 2 spell: Corpse Rot
     8 | D        | Reached XP level 6. HP: 43/43 MP: 0/0
     8 | D        | Reached XP level 7. HP: 49/49 MP: 0/0
     8 | D        | Learned a level 3 spell: Call Canine Familiar
     8 | D        | Reached XP level 8. HP: 54/54 MP: 0/0
     8 | D        | Reached XP level 9. HP: 58/58 MP: 0/0
     8 | D        | Learned a level 3 spell: Portal Projectile
     8 | D        | Reached XP level 10. HP: 64/64 MP: 0/0
     8 | D        | Reached XP level 11. HP: 68/68 MP: 0/0
     8 | D        | Learned a level 4 spell: Animate Armour
     8 | D        | Reached XP level 12. HP: 74/74 MP: 0/0
     8 | D        | Reached XP level 13. HP: 78/78 MP: 0/0
     8 | D        | Learned a level 5 spell: Blade Hands
     8 | D        | Noticed a bag of meat
     9 | D        | Killed a bag of meat
     9 | D        | Reached * piety under Makhleb
     9 | D        | Killed a bag of meat
    10 | D        | Reached XP level 14. HP: 110/110 MP: 0/0
    10 | D        | Killed a meat berserker
    11 | D        | Reached skill level 27 in Axes
    11 | D        | Reached skill level 15 in Spellcasting
    11 | D        | Reached XP level 15. HP: 127/127 MP: 0/0
    11 | D        | Learned a level 6 spell: Statue Form
    11 | D        | Reached ** piety under Makhleb
    11 | D        | Killed a meat berserker
    11 | D        | Killed a meat berserker
    11 | D        | Noticed a meat berserker
    12 | D        | Reached XP level 16. HP: 151/151 MP: 0/0
    12 | D        | Reached XP level 17. HP: 157/157 MP: 0/0
    12 | D        | Learned a level 7 spell: Malign Gateway
    12 | D        | Reached *** piety under Makhleb
    12 | D        | Killed a meat berserker
    12 | D        | Killed a meat berserker
    13 | D        | Reached skill level 27 in Fighting
    13 | D        | Reached skill level 27 in Spellcasting
    13 | D        | Reached skill level 5 in Short Blades
    13 | D        | Reached skill level 5 in Long Blades
    13 | D        | Reached skill level 5 in Maces & Flails
    13 | D        | Reached skill level 5 in Polearms
    13 | D        | Reached skill level 5 in Staves
    13 | D        | Reached skill level 5 in Slings
    13 | D        | Reached skill level 5 in Bows
    13 | D        | Reached skill level 5 in Crossbows
    13 | D        | Reached skill level 5 in Throwing
    13 | D        | Reached skill level 5 in Stealth
    13 | D        | Reached XP level 18. HP: 167/167 MP: 0/0
    14 | D        | Reached **** piety under Makhleb
    15 | D        | Reached skill level 10 in Dodging
    15 | D        | Reached XP level 19. HP: 174/174 MP: 0/0
    15 | D        | Learned a level 6 spell: Death Channel
    18 | D        | Noticed a meat berserker
    18 | D        | Noticed a meat berserker
    19 | D        | Killed a meat berserker
    19 | D        | Reached ***** piety under Makhleb
    19 | D        | Killed a meat berserker
    20 | D        | Reached skill level 10 in Maces & Flails
    20 | D        | Reached skill level 10 in Polearms
    20 | D        | Reached skill level 10 in Slings
    20 | D        | Reached skill level 10 in Bows
    20 | D        | Reached skill level 10 in Crossbows
    20 | D        | Reached skill level 10 in Throwing
    20 | D        | Reached skill level 10 in Invocations
    20 | D        | Reached skill level 10 in Evocations
    20 | D        | Reached XP level 20. HP: 181/181 MP: 0/0
    20 | D        | Noticed a meat berserker
    22 | D        | Noticed a destroyer
    22 | D        | Noticed a large bag of meat
    23 | D        | Noticed a destroyer
    24 | D        | Noticed a destroyer
    24 | D        | Killed a destroyer
    25 | D        | Reached skill level 15 in Dodging
    25 | D        | Reached XP level 21. HP: 179/187 MP: 0/0
    25 | D        | Learned a level 8 spell: Borgnjor's Revivification
    25 | D        | Reached ****** piety under Makhleb
    26 | D        | Reached skill level 15 in Unarmed Combat
    26 | D        | Reached skill level 15 in Invocations
    26 | D        | Reached XP level 22. HP: 194/194 MP: 0/0
    26 | D        | Killed a destroyer
    27 | D        | Reached skill level 15 in Maces & Flails
    27 | D        | Reached skill level 15 in Polearms
    27 | D        | Reached skill level 15 in Slings
    27 | D        | Reached skill level 15 in Bows
    27 | D        | Reached skill level 15 in Crossbows
    27 | D        | Reached skill level 15 in Throwing
    27 | D        | Reached XP level 23. HP: 201/201 MP: 0/0
    27 | D        | Learned a level 7 spell: Ozocubu's Refrigeration
    27 | D        | Killed a destroyer
    27 | D        | Killed a large bag of meat
    28 | D        | Reached XP level 24. HP: 208/208 MP: 0/0
    30 | D        | Reached XP level 25. HP: 214/214 MP: 0/0
    30 | D        | Learned a level 8 spell: Infestation
    30 | D        | Noticed a destroyer
    30 | D        | Noticed The Servant
    31 | D        | Killed a destroyer
    31 | D        | Killed The Servant
    32 | D        | Reached XP level 26. HP: 221/221 MP: 0/0
    32 | D        | Reached XP level 27. HP: 228/228 MP: 0/0
    32 | D        | Learned a level 9 spell: Tornado
    33 | D        | Noticed a large bag of meat
    34 | D        | Reached skill level 27 in Dodging
    34 | D        | Noticed a destroyer
    34 | D        | Killed a large bag of meat
    34 | D        | Killed a destroyer
    34 | D        | Noticed a large bag of meat
    35 | D        | Noticed a destroyer
    35 | D        | Noticed a large bag of meat
    35 | D        | Noticed a destroyer
    36 | D        | Reached skill level 27 in Armour
    36 | D        | Reached skill level 27 in Shields
    36 | D        | Reached skill level 27 in Unarmed Combat
    36 | D        | Noticed a destroyer
    36 | D        | Killed a destroyer
    36 | D        | Killed a large bag of meat
    37 | D        | Reached skill level 27 in Invocations
    37 | D        | Reached skill level 27 in Evocations
    37 | D        | Killed a destroyer
    37 | D        | Killed a destroyer
    38 | D        | Reached skill level 27 in Short Blades
    38 | D        | Reached skill level 27 in Long Blades
    38 | D        | Reached skill level 27 in Maces & Flails
    38 | D        | Reached skill level 27 in Polearms
    38 | D        | Reached skill level 27 in Staves
    38 | D        | Reached skill level 27 in Slings
    38 | D        | Reached skill level 27 in Bows
    38 | D        | Reached skill level 27 in Crossbows
    38 | D        | Reached skill level 27 in Throwing
    38 | D        | Reached skill level 27 in Stealth
    39 | D        | Killed a large bag of meat
    45 | D        | Noticed a destroyer
    45 | D        | Killed a destroyer
    46 | D        | Noticed a large bag of meat
    47 | D        | Killed a large bag of meat
    52 | D        | Noticed a destroyer
    52 | D        | Killed a destroyer
    52 | D        | Noticed a destroyer
    53 | D        | Noticed a destroyer
    53 | D        | Killed a destroyer
    53 | D        | Killed a destroyer
    54 | D        | Noticed a destroyer
    54 | D        | Noticed a tyrant
    54 | D        | Noticed a destroyer
    55 | D        | Killed a destroyer
    56 | D        | Killed a destroyer
    56 | D        | Noticed an accursed
    56 | D        | Noticed a destroyer
    56 | D        | Noticed a destroyer
    57 | D        | Killed an accursed
    58 | D        | Noticed a destroyer
    58 | D        | Killed a destroyer
    58 | D        | Killed a destroyer
    58 | D        | Noticed a destroyer
    59 | D        | Noticed a destroyer
    59 | D        | Killed a destroyer
    59 | D        | Killed a destroyer
    59 | D        | Noticed a large bag of meat
    60 | D        | Noticed a destroyer
    60 | D        | Noticed an accursed
    61 | D        | Killed a destroyer
    61 | D        | Noticed an accursed
    61 | D        | Noticed a large bag of meat
    62 | D        | Killed an accursed
    62 | D        | Noticed a large bag of meat
    62 | D        | Annihilated by a destroyer

Illustrated notes

Levels and vault maps discovered:
D:        meatsprint

Skill      XL: |  1  2  3  4  5  6  7  8  9 10 11 12 13 14 15 16 17 18 19 20 21 22 23 24 25 26 27 |
---------------+----------------------------------------------------------------------------------+-----
Axes           | 25 26 27 | 27.0
Fighting       | 13 18 26 27 | 27.0
Spellcasting   | 11 15 22 27 | 27.0
Short Blades   | 5 8 11 13 14 16 18 20 22 27 | 27.0
Long Blades    | 5 8 11 13 14 16 18 20 22 27 | 27.0
Maces & Flails | 5 7 10 12 13 15 17 18 20 27 | 27.0
Polearms       | 5 7 10 12 13 15 17 18 20 27 | 27.0
Staves         | 5 8 11 13 14 16 18 20 22 27 | 27.0
Slings         | 5 7 10 12 13 15 17 18 20 27 | 27.0
Bows           | 5 7 10 12 13 15 17 18 20 27 | 27.0
Crossbows      | 5 7 10 12 13 15 16 18 20 27 | 27.0
Throwing       | 5 7 10 12 13 15 17 18 20 27 | 27.0
Armour         | 6 9 12 14 16 17 19 21 23 27 | 27.0
Dodging        | 7 10 13 15 17 19 21 23 25 27 | 27.0
Stealth        | 5 8 11 13 14 16 18 20 22 27 | 27.0
Shields        | 6 9 12 14 16 17 19 21 23 27 | 27.0
Unarmed Combat | 6 9 12 14 15 17 19 21 23 27 | 27.0
Invocations    | 6 10 13 15 16 19 20 23 27 | 27.0
Evocations     | 6 10 13 14 16 18 20 23 27 | 27.0

Action                   |  1- 3 |  4- 6 |  7- 9 | 10-12 | 13-15 | 16-18 | 19-21 | 22-24 | 25-27 || total
-------------------------+-------+-------+-------+-------+-------+-------+-------+-------+-------++-------
Melee: Executioner's axe |     1 |       |       |       |     5 |     6 |    11 |    13 |   111 ||   147
 Cast: Manifold Assault  |       |       |       |       |     1 |     2 |     3 |     4 |    32 ||    42
       Death Channel     |       |       |       |       |       |       |     1 |       |       ||     1
Armor: Leather armour    |       |       |       |       |       |       |       |       |     1 ||     1

Table legend: (Time is in decaauts)
 A = Elapsed time spent in this place.
 B = Non-inter-level travel time spent in this place.
 C = Inter-level travel time spent in this place.
 D = Time resting spent in this place.
 E = Time spent auto-exploring this place.
 F = Levels seen in this place.
 G = Mean time per level.
                   A        B        C        D        E       F      G
               +--------+--------+--------+--------+--------+-----+--------+
         Total |     51 |     51 |      0 |      0 |      0 |   1 |   51.0 |
       Dungeon |     51 |     51 |      0 |      0 |      0 |   1 |   51.0 |
               +--------+--------+--------+--------+--------+-----+--------+

Top non-repeatable levels by time:
       D: 51 daAuts
